 Dungeon Crawl Stone Soup version 0.30.1-4-g462c640d31 (webtiles) character file.

Game seed: 9835146376890771054

187 LynnLen the Sneak (level 5, 0/25 HPs)
             Began as a Spriggan Enchanter on Sept 15, 2023.
             Slain by a cerulean imp
             ... wielding a +1 spear
             ... summoned by Natasha
              (3 damage)
             ... on level 2 of the Dungeon.
             The game lasted 00:11:31 (3040 turns).

LynnLen the Sneak (Spriggan Enchanter)              Turns: 3040, Time: 00:11:32

Health: 0/25       AC:  4    Str:  4    XL:     5   Next: 39%
Magic:  4/10       EV: 18    Int: 19    God:
Gold:   134        SH:  0    Dex: 15    Spells: 2/10 levels left

rFire   . . .        a - +1 dagger
rCold   . . .        (no shield)
rNeg    . . .        o - +2 robe {Will+}
rPois   .            (helmet restricted)
rElec   .            (no cloak)
rCorr   .            (gloves unavailable)
SInv    +            (boots unavailable)
Will    +....        (no amulet)
Stlth   +++          (no ring)
HPRegen 0.24/turn    (no ring)
MPRegen 0.12/turn

%: no passive effects
@: very slightly contaminated, invisible, very quick
A: very small, no large weapons, unfitting armour, see invisible, speed 3
a: no special abilities


You were on level 2 of the Dungeon.
You visited 1 branch of the dungeon, and saw 2 of its levels.

You collected 134 gold pieces.

Inventory:

Hand Weapons
 a - a +1 dagger (weapon)
Missiles
 k - 8 poisoned darts
Armour
 b - a +0 robe
 o - a +2 robe of willpower (worn)
Scrolls
 e - a scroll of butterflies {unknown}
 g - a scroll of immolation {unknown}
 h - a scroll of amnesia {unknown}
 j - a scroll of magic mapping {unknown}
 l - 3 scrolls of torment {unknown}
 n - 2 scrolls of teleportation {unknown}
 p - a scroll of identify {unknown}
Potions
 c - 3 potions of invisibility
 d - a potion of degeneration {unknown}
 f - a potion of lignification {unknown}
 i - a potion of brilliance {unknown}
 m - 2 potions of heal wounds {unknown}
 q - a potion of cancellation {unknown}


   Skills:
 + Level 1.1 Fighting
 + Level 2.2 Short Blades
 + Level 3.5 Dodging
 + Level 5.2 Stealth
 + Level 3.3 Spellcasting
 * Level 4.7 Hexes
 * Level 1.8 Ice Magic


You had 2 spell levels left.
You knew the following spells:

 Your Spells              Type           Power      Damage    Failure   Level
a - Ensorcelled Hibernat  Hex/Ice        30%        N/A       6%          2
b - Confusing Touch       Hex            21%        N/A       6%          3
c - Tukima's Dance        Hex            21%        N/A       6%          3

Your spell library contained the following spells:

 Spells                   Type           Power      Damage    Failure   Level
 Sandblast                Erth           6%         2d5       16%         1
 Passwall                 Tmut/Erth      2%         N/A       22%         2
 Dazzling Flash           Conj/Hex       24%        N/A       17%         3
 Stone Arrow              Conj/Erth      6%         3d7       41%         3


Dungeon Overview and Level Annotations

Branches:
Dungeon (2/15)

Altars:

Annotations:
D:2 Natasha


Innate Abilities, Weirdness & Mutations

You are very small and have problems with some larger weapons.
You are too small for most types of armour.
You have supernaturally acute eyesight. (SInv)
You cover ground extremely quickly. (Speed+++)


Message History

Found a stone staircase leading down.
Natasha, Servant of Life and Death comes into view.
She is carrying a wand of flame (19).
Natasha hisses angrily.
Natasha stares at you and mumbles some strange words.
The magic dart hits you.
Natasha mumbles some strange words.
Aiming: Ensorcelled Hibernation (safe; 6% risk of failure)
Press: ? - help, Q - select action, (/) - cycle Shift-Dir - straight line, f - Natasha
Aim: Natasha, carrying a wand of flame (19) (chance to affect: 49%) Natasha resists with some effort.
Natasha zaps a wand.
The puff of flame hits you!
Unknown command.
The cerulean imp hits you with a +1 spear.
Natasha casts a spell at you. The magic dart hits you.
* * * LOW HITPOINT WARNING * * *
Aiming: Ensorcelled Hibernation (safe; 6% risk of failure)
Press: ? - help, Q - select action, (/) - cycle Shift-Dir - straight line, f/p - Natasha
Aim: Natasha, carrying a wand of flame (18) (chance to affect: 49%)
You miscast Ensorcelled Hibernation.
You are very lightly contaminated with residual magic.
Nothing appears to happen.
The cerulean imp hits you with a +1 spear.
* * * LOW HITPOINT WARNING * * *
Natasha claws you but does no damage. The cerulean imp misses you.
Okay, then.
Okay, then.
You fade into invisibility!
Natasha wildly gestures.
Natasha's front paws start to glow.
The cerulean imp misses you.
Unknown command.
Aiming: Ensorcelled Hibernation (safe; 6% risk of failure)
Press: ? - help, Q - select action, (/) - cycle Shift-Dir - straight line, f/p - Natasha
Aim: Natasha, carrying a wand of flame (18) (chance to affect: 49%) Natasha resists with some effort.
Natasha misses you.
The cerulean imp hits you from afar with a +1 spear.
You die...

#.##.....#####.#.#.#....#.....#
###.##.....#####.#.#......#†.....
....)....................>#......
###.##.....#####.#.#.............
#.##.....#####.#........###..#.
###)##.........#...............#.
....##.....###.#5..............##
.#####.....# #.#h................
.# ###.....# #..@....####.#######
.# #.......# #.........##.# ##
#....#### #.......#.##.# #....#
#########.##.# #....# #.##.#
#....# #.#..# ####....# #.#.##
...#....# ###...# ##.#....######
#[..###


You could see Natasha and a cerulean imp (summoned, unable to see you).

Vanquished Creatures
  A sleepcap (D:2)
  Jessica (D:2)
  Natasha (twice) (D:2)
  3 adders (D:2)
  2 dart slugs
  4 ball pythons
  2 endoplasms
  4 giant cockroaches
  5 goblins (D:1)
  4 hobgoblins
  7 jackals
  3 quokkas
  3 bats
  A frilled lizard (D:1)
  6 kobolds
  3 rats
51 creatures vanquished.

Notes
Turn   | Place    | Note
-------+----------+-------------------------------------------
     0 | D:1      | LynnLen the Spriggan Enchanter began the quest for the Orb.
     0 | D:1      | Reached XP level 1. HP: 9/9 MP: 5/5
   258 | D:1      | Reached XP level 2. HP: 13/13 MP: 6/6
   267 | D:1      | Learned a level 2 spell: Ensorcelled Hibernation
  1027 | D:1      | Reached XP level 3. HP: 16/16 MP: 8/8
  1470 | D:2      | Reached skill level 1 in Ice Magic
  1725 | D:2      | Noticed Natasha
  1729 | D:2      | Killed Natasha
  1730 | D:2      | Reached XP level 4. HP: 21/21 MP: 9/9
  1753 | D:2      | Noticed Natasha
  1758 | D:2      | Killed Natasha
  1759 | D:2      | Reached skill level 1 in Fighting
  1759 | D:2      | Reached skill level 5 in Stealth
  2022 | D:2      | Noticed Jessica
  2054 | D:2      | Killed Jessica
  2055 | D:2      | Reached XP level 5. HP: 25/25 MP: 1/10
  2821 | D:2      | Learned a level 3 spell: Confusing Touch
  2825 | D:2      | Learned a level 3 spell: Tukima's Dance
  3027 | D:2      | Noticed Natasha
  3040 | D:2      | Slain by a cerulean imp

Illustrated notes

Levels and vault maps discovered:
D:1:      evilmike_arrival_home_sweet_home, layout_loops_ring
D:2:      layout_basic, uniq_jessica, uniq_natasha

Skill      XL: |  1  2  3  4 |
---------------+-------------+-----
Hexes          | 4 |  4.7
Dodging        | 3 |  3.5
Ice Magic      | 1 |  1.8
Spellcasting   | 3 |  3.3
Fighting       | 1 |  1.1
Stealth        | 5 |  5.2
Short Blades   | 2 |  2.2

Action                     |  1- 3 |  4- 6 || total
---------------------------+-------+-------++-------
  Melee: Dagger            |   106 |    52 ||   158
  Throw: Dart              |       |     1 ||     1
   Cast: Ensorcelled Hiber |     7 |     9 ||    16
         Confusing Touch   |       |     1 ||     1
    Use: Potion            |       |     1 ||     1
   Stab: Sleeping          |    14 |     6 ||    20
         Confused          |       |     3 ||     3
 Armour: Robe              |     6 |     7 ||    13
  Dodge: Dodged            |    78 |    41 ||   119
